| TOP OF THE 1ST |
|
Ogden Raptors batting - Pitching for San Diego (APP) Padres : RHP Liam Tate
|
|
Pitching: RHP Liam Tate
|
|
|
Batting: SHB Javy Franco
|
0-0: Ball 1-0: Ball 2-0: Ball 3-0: Base on Balls
|
|
Batting: SHB Erick Hamburger
|
0-0: Ball 1-0: Swinging Strike 1-1: DOUBLE (Line Drive, 5D, EV 103.8 MPH) Javy Franco to third
|
|
Batting: RHB Juan Gallegos
|
0-0: Called Strike 0-1: Called Strike 0-2: Foul Ball, location: 2F 0-2: Ball 1-2: Ball 2-2: Foul Ball, location: 2F 2-2: Foul Ball, location: 2F 2-2: Fly out, F7 (Flyball, 7S, EV 90.0 MPH)
|
|
Batting: LHB Pedro Garza
|
0-0: Ball 1-0: Ball 2-0: Called Strike 2-1: Foul Ball, location: 2F 2-2: SINGLE (Line Drive, 8RS, EV 96.2 MPH) Javy Franco scores Erick Hamburger to third Runner from 3rd tries for Home, throw by CF and OUT! 8-2 Pedro Garza to second
|
|
Batting: RHB Felipe Rivera
|
0-0: Ball 1-0: Ball 2-0: Foul Ball, location: 2F 2-1: Ball 3-1: Foul Ball, location: 2F 3-2: Foul Ball, location: 2F 3-2: Base on Balls
|
|
Batting: LHB Fernão Manta
|
0-0: Ball 1-0: Foul Ball, location: 2F 1-1: Fly out, F7 (Flyball, 7LD, EV 106.2 MPH)
|
| Top of the 1st over - 1 run, 2 hits, 0 errors, 2 left on base; Ogden 1 - San Diego (APP) 0 |
| BOTTOM OF THE 1ST |
|
San Diego (APP) Padres batting - Pitching for Ogden Raptors : LHP Adrian Huerta
|
|
Pitching: LHP Adrian Huerta
|
|
|
Batting: RHB Adrian Cook
|
0-0: Ball 1-0: Ball 2-0: Called Strike 2-1: Fly out, F9 (Flyball, 9D, EV 101.9 MPH)
|
|
Batting: RHB Alex Collazo
|
0-0: Called Strike 0-1: Ball 1-1: Swinging Strike 1-2: Ball 2-2: Foul Ball, location: 2F 2-2: Foul Ball, location: 2F 2-2: Foul Ball, location: 2F 2-2: Strikes out swinging
|
|
Batting: LHB Justin Daley
|
0-0: Fly out, F7 (Flyball, 7, EV 92.5 MPH)
|
| Bottom of the 1st over - 0 runs, 0 hits, 0 errors, 0 left on base; Ogden 1 - San Diego (APP) 0 |
| TOP OF THE 2ND |
|
Ogden Raptors batting - Pitching for San Diego (APP) Padres : RHP Liam Tate
|
|
Batting: RHB Brad Brady
|
0-0: Called Strike 0-1: Swinging Strike 0-2: Strikes out swinging
|
|
Batting: RHB Kekoa Kahele
|
0-0: Ball 1-0: Fly out, F8 (Flyball, 8LM, EV 89.4 MPH)
|
|
Batting: RHB Will Barksdale
|
0-0: Swinging Strike 0-1: Swinging Strike 0-2: Strikes out swinging
|
| Top of the 2nd over - 0 runs, 0 hits, 0 errors, 0 left on base; Ogden 1 - San Diego (APP) 0 |
| BOTTOM OF THE 2ND |
|
San Diego (APP) Padres batting - Pitching for Ogden Raptors : LHP Adrian Huerta
|
|
Batting: RHB Brian Klinkner
|
0-0: Called Strike 0-1: Swinging Strike 0-2: Ball 1-2: Strikes out looking
|
|
Batting: RHB Phil McFadden
|
0-0: Foul Ball, location: 2F 0-1: Ball 1-1: Ball 2-1: Called Strike 2-2: Foul Ball, location: 2F 2-2: Foul Ball, location: 2F 2-2: Foul Ball, location: 2F 2-2: Ball 3-2: Fly out, F7 (Flyball, 7S, EV 88.8 MPH)
|
|
Batting: RHB Ed Oake
|
0-0: SINGLE (Groundball, 5D, EV 100.0 MPH)
|
|
Batting: RHB Eric McMillian
|
0-0: Foul Ball, location: 2F 0-1: Swinging Strike 0-2: Ball 1-2: Fly out, F9 (Line Drive, 9S, EV 97.5 MPH)
|
| Bottom of the 2nd over - 0 runs, 1 hit, 0 errors, 1 left on base; Ogden 1 - San Diego (APP) 0 |
| TOP OF THE 3RD |
|
Ogden Raptors batting - Pitching for San Diego (APP) Padres : RHP Liam Tate
|
|
Batting: SHB Javy Franco
|
0-0: Ball 1-0: Ball 2-0: Called Strike 2-1: Ball 3-1: Fly out, F7 (Flyball, 7LD, EV 104.4 MPH)
|
|
Batting: SHB Erick Hamburger
|
0-0: Ball 1-0: Foul Ball, location: 2F 1-1: Ball 2-1: Called Strike 2-2: Ball 3-2: Base on Balls
|
|
Batting: RHB Juan Gallegos
|
0-0: Ball 1-0: Ball 2-0: Ball Wild Pitch! Erick Hamburger to second 3-0: Base on Balls
|
|
Batting: LHB Pedro Garza
|
0-0: Called Strike 0-1: Ball 1-1: Called Strike 1-2: Ball 2-2: Strikes out looking
|
|
Batting: RHB Felipe Rivera
|
0-0: Ground out 4-3 (Groundball, 4, EV 81.9 MPH)
|
| Top of the 3rd over - 0 runs, 0 hits, 0 errors, 2 left on base; Ogden 1 - San Diego (APP) 0 |
| BOTTOM OF THE 3RD |
|
San Diego (APP) Padres batting - Pitching for Ogden Raptors : LHP Adrian Huerta
|
|
Batting: RHB Antonio Martinez
|
0-0: Ball 1-0: Ball 2-0: Swinging Strike 2-1: Swinging Strike 2-2: Foul Ball, location: 2F 2-2: Strikes out swinging
|
|
Batting: LHB Gary Corrales
|
0-0: Ground out U3 (Groundball, 34, EV 110.6 MPH)
|
|
Batting: RHB Adrian Cook
|
0-0: Ball 1-0: Ball 2-0: Foul Ball, location: 2F 2-1: Ball 3-1: Called Strike 3-2: Foul Ball, location: 2F 3-2: Base on Balls
|
|
Batting: RHB Alex Collazo
|
0-0: Called Strike Adrian Cook steals 2nd base 0-1: Ball 1-1: Foul Ball, location: 2F 1-2: Ground out 5-3 (Groundball, 5S, EV 85.6 MPH)
|
| Bottom of the 3rd over - 0 runs, 0 hits, 0 errors, 1 left on base; Ogden 1 - San Diego (APP) 0 |
| TOP OF THE 4TH |
|
Ogden Raptors batting - Pitching for San Diego (APP) Padres : RHP Liam Tate
|
|
Batting: LHB Fernão Manta
|
0-0: Ball 1-0: Foul Ball, location: 2F 1-1: Foul Ball, location: 2F 1-2: Foul Ball, location: 2F 1-2: Ball 2-2: Ball 3-2: Foul Ball, location: 2F 3-2: Foul Ball, location: 2F 3-2: Foul Ball, location: 2F 3-2: Foul Ball, location: 2F 3-2: Base on Balls
|
|
Batting: RHB Brad Brady
|
0-0: Fly out, F7 (Line Drive, 78M, EV 112.5 MPH)
|
|
Batting: RHB Kekoa Kahele
|
0-0: Ball 1-0: Foul Ball, location: 2F 1-1: Ball Pickoff Throw by Catcher to First - Out! 2-1: Fly out, F8 (Flyball, 8LD, EV 99.4 MPH)
|
| Top of the 4th over - 0 runs, 0 hits, 0 errors, 0 left on base; Ogden 1 - San Diego (APP) 0 |
| BOTTOM OF THE 4TH |
|
San Diego (APP) Padres batting - Pitching for Ogden Raptors : LHP Adrian Huerta
|
|
Batting: LHB Justin Daley
|
0-0: Ball 1-0: Ball 2-0: TRIPLE (Line Drive, 89XD, EV 111.2 MPH)
|
|
Pinch Runner at 3rd Ricardo Ortiz:
|
|
|
Batting: RHB Brian Klinkner
|
0-0: Ball 1-0: SINGLE (Groundball, 34D, EV 102.5 MPH) Ricardo Ortiz scores
|
|
Batting: RHB Phil McFadden
|
0-0: Ball 1-0: Ball 2-0: Called Strike 2-1: Ball Wild Pitch! Brian Klinkner to second 3-1: Ground out 4-3 (Groundball, P, EV 90.0 MPH) Brian Klinkner to third
|
|
Batting: RHB Ed Oake
|
0-0: Called Strike 0-1: Called Strike 0-2: Ball 1-2: Ground out 3-1 (Groundball, 34, EV 98.8 MPH) Brian Klinkner scores
|
|
Batting: RHB Eric McMillian
|
0-0: Fly out, F6 (Line Drive, 6MD, EV 70.0 MPH)
|
| Bottom of the 4th over - 2 runs, 2 hits, 0 errors, 0 left on base; Ogden 1 - San Diego (APP) 2 |
| TOP OF THE 5TH |
|
Ogden Raptors batting - Pitching for San Diego (APP) Padres : RHP Liam Tate
|
|
Now at 1B: Ricardo Ortiz
|
|
|
Batting: RHB Will Barksdale
|
0-0: Ball 1-0: Fly out, F8 (Flyball, 8RXD, EV 86.2 MPH)
|
|
Batting: SHB Javy Franco
|
0-0: Foul Ball, location: 2F 0-1: Ball 1-1: Foul Ball, location: 2F 1-2: Strikes out swinging
|
|
Batting: SHB Erick Hamburger
|
0-0: Ball 1-0: Called Strike 1-1: Ball 2-1: Called Strike 2-2: Ball 3-2: Foul Ball, location: 2F 3-2: Ground out 4-3 (Groundball, 4M, EV 90.0 MPH)
|
| Top of the 5th over - 0 runs, 0 hits, 0 errors, 0 left on base; Ogden 1 - San Diego (APP) 2 |
| BOTTOM OF THE 5TH |
|
San Diego (APP) Padres batting - Pitching for Ogden Raptors : LHP Adrian Huerta
|
|
Batting: RHB Antonio Martinez
|
0-0: Ball 1-0: Called Strike 1-1: Ball 2-1: Ball 3-1: Foul Ball, location: 2F 3-2: Ground out 6-3 (Groundball, 6, EV 107.5 MPH)
|
|
Batting: LHB Gary Corrales
|
0-0: Ball 1-0: DOUBLE (Line Drive, 7LS, EV 95.0 MPH)
|
|
Batting: RHB Adrian Cook
|
0-0: Ball 1-0: SINGLE (Groundball, 56D, EV 96.2 MPH) (infield hit) Gary Corrales to third
|
|
Batting: RHB Alex Collazo
|
0-0: Fly out, F8 (Flyball, 8LXD, EV 98.1 MPH) Runner from 3rd tags up, SCORES, no throw by CF
|
|
Batting: RHB Ricardo Ortiz
|
0-0: Ball Adrian Cook steals 2nd base 1-0: Fly out, F9 (Flyball, 9D, EV 91.9 MPH)
|
| Bottom of the 5th over - 1 run, 2 hits, 0 errors, 1 left on base; Ogden 1 - San Diego (APP) 3 |
| TOP OF THE 6TH |
|
Ogden Raptors batting - Pitching for San Diego (APP) Padres : RHP Liam Tate
|
|
Pitching: LHP Cory Watson
|
|
|
Batting: RHB Juan Gallegos
|
0-0: Ball 1-0: Ball 2-0: Foul Ball, location: 2F 2-1: Ball 3-1: Called Strike 3-2: Strikes out looking
|
|
Batting: LHB Pedro Garza
|
0-0: Ball 1-0: Ball 2-0: Ball 3-0: Called Strike 3-1: Called Strike 3-2: Strikes out swinging
|
|
Batting: RHB Felipe Rivera
|
0-0: Ball 1-0: Swinging Strike 1-1: Ball 2-1: Foul Ball, location: 2F 2-2: Ball 3-2: Base on Balls
|
|
Batting: LHB Fernão Manta
|
0-0: Reached on error, E1 (Groundball, 15S, EV 75.0 MPH) Felipe Rivera to third
|
|
Batting: RHB Brad Brady
|
0-0: Foul Ball, location: 2F 0-1: Foul Ball, location: 2F 0-2: Strikes out swinging
|
| Top of the 6th over - 0 runs, 0 hits, 1 error, 2 left on base; Ogden 1 - San Diego (APP) 3 |
| BOTTOM OF THE 6TH |
|
San Diego (APP) Padres batting - Pitching for Ogden Raptors : LHP Adrian Huerta
|
|
Batting: RHB Brian Klinkner
|
0-0: Ground out 5-3 (Groundball, 56S, EV 70.0 MPH)
|
|
Batting: RHB Phil McFadden
|
0-0: Ball 1-0: Swinging Strike 1-1: Ball 2-1: Ball 3-1: Called Strike 3-2: Ground out 6-3 (Groundball, 6, EV 83.1 MPH)
|
|
Batting: RHB Ed Oake
|
0-0: Ground out 4-3 (Groundball, 4, EV 105.0 MPH)
|
| Bottom of the 6th over - 0 runs, 0 hits, 0 errors, 0 left on base; Ogden 1 - San Diego (APP) 3 |
| TOP OF THE 7TH |
|
Ogden Raptors batting - Pitching for San Diego (APP) Padres : LHP Cory Watson
|
|
Batting: RHB Kekoa Kahele
|
0-0: Ball 1-0: Ball 2-0: Ball 3-0: Called Strike 3-1: Base on Balls
|
|
Batting: RHB Will Barksdale
|
0-0: Ball 1-0: Swinging Strike 1-1: Ball 2-1: Ball Kekoa Kahele steals 2nd base 3-1: DOUBLE (Line Drive, 89XD, EV 106.9 MPH) Kekoa Kahele scores
|
|
Batting: SHB Javy Franco
|
0-0: Foul Ball, location: 2F 0-1: Ball 1-1: Ball 2-1: Foul Ball, location: 2F 2-2: Strikes out swinging
|
|
Batting: SHB Erick Hamburger
|
0-0: Called Strike 0-1: Ball 1-1: Foul Ball, location: 2F 1-2: Foul Ball, location: 2F 1-2: Ball 2-2: Foul Ball, location: 2F 2-2: Ball 3-2: DOUBLE (Line Drive, 9LD, EV 108.8 MPH) Will Barksdale scores
|
|
Pitching: RHP John Stiff
|
|
|
Batting: RHB Juan Gallegos
|
0-0: Ball 1-0: Ball 2-0: Foul Ball, location: 2F 2-1: Fly out, F7 (Flyball, 7, EV 80.6 MPH)
|
|
Batting: LHB Pedro Garza
|
0-0: Foul Ball, location: 2F 0-1: Swinging Strike 0-2: Ball 1-2: Fly out, F9 (Flyball, 89S, EV 90.6 MPH)
|
| Top of the 7th over - 2 runs, 2 hits, 0 errors, 1 left on base; Ogden 3 - San Diego (APP) 3 |
| BOTTOM OF THE 7TH |
|
San Diego (APP) Padres batting - Pitching for Ogden Raptors : LHP Adrian Huerta
|
|
Pitching: RHP Chris Moody
|
|
|
Batting: RHB Eric McMillian
|
0-0: Called Strike 0-1: Ball 1-1: Ball 2-1: Ball 3-1: Fly out, F9 (Flyball, 9S, EV 91.2 MPH)
|
|
Batting: RHB Antonio Martinez
|
0-0: Called Strike 0-1: Ball 1-1: Ball 2-1: Called Strike 2-2: Fly out, F9 (Flyball, 9, EV 90.0 MPH)
|
|
Batting: LHB Gary Corrales
|
0-0: Called Strike 0-1: Ball 1-1: Ball 2-1: Foul Ball, location: 2F 2-2: DOUBLE (Line Drive, 9LD, EV 102.5 MPH)
|
|
Batting: RHB Adrian Cook
|
0-0: Called Strike 0-1: Called Strike 0-2: Ground out 4-3 (Groundball, 4, EV 77.5 MPH)
|
| Bottom of the 7th over - 0 runs, 1 hit, 0 errors, 1 left on base; Ogden 3 - San Diego (APP) 3 |
| TOP OF THE 8TH |
|
Ogden Raptors batting - Pitching for San Diego (APP) Padres : RHP John Stiff
|
|
Batting: RHB Felipe Rivera
|
0-0: Called Strike 0-1: SINGLE (Line Drive, 78M, EV 97.5 MPH)
|
|
Batting: LHB Fernão Manta
|
0-0: Foul Ball, location: 2F 0-1: Ball 1-1: Ball 2-1: Ball 3-1: Called Strike 3-2: Foul Ball, location: 2F 3-2: SINGLE (Groundball, 4, EV 101.9 MPH) Felipe Rivera to second Felipe Rivera to third
|
|
Batting: RHB Brad Brady
|
Pickoff Throw to First - Out! 1-3 0-0: Ball 1-0: 2-RUN HOME RUN (Flyball, 89XD, EV 106.9 MPH), Distance : 408 ft
|
|
Batting: RHB Kekoa Kahele
|
0-0: Ground out 6-3 (Groundball, 6, EV 96.9 MPH)
|
|
Batting: RHB Will Barksdale
|
0-0: SOLO HOME RUN (Line Drive, 7LD, EV 94.4 MPH), Distance : 347 ft
|
|
Pitching: RHP Kendrick Quinton
|
|
|
Batting: SHB Javy Franco
|
0-0: Swinging Strike 0-1: Swinging Strike 0-2: Ball 1-2: Foul Ball, location: 2F 1-2: Ball 2-2: Foul Ball, location: 2F 2-2: Foul Ball, location: 2F 2-2: Ground out 5-3 (Groundball, 56S, EV 65.0 MPH)
|
| Top of the 8th over - 3 runs, 4 hits, 0 errors, 0 left on base; Ogden 6 - San Diego (APP) 3 |
| BOTTOM OF THE 8TH |
|
San Diego (APP) Padres batting - Pitching for Ogden Raptors : RHP Chris Moody
|
|
Batting: RHB Alex Collazo
|
0-0: Ball 1-0: Ball 2-0: Ball 3-0: Called Strike 3-1: Swinging Strike 3-2: Strikes out swinging
|
|
Batting: RHB Ricardo Ortiz
|
0-0: Foul Ball, location: 2F 0-1: Ball 1-1: SINGLE (Groundball, 6MD, EV 99.4 MPH)
|
|
Batting: RHB Brian Klinkner
|
0-0: Foul Ball, location: 2F 0-1: Foul Ball, location: 2F 0-2: Fly out, F9 (Flyball, 9, EV 90.0 MPH)
|
|
Pitching: RHP Bill Dyck
|
|
|
Batting: RHB Phil McFadden
|
0-0: Ball 1-0: Ball 2-0: Called Strike 2-1: Called Strike 2-2: Ball 3-2: Strikes out looking
|
| Bottom of the 8th over - 0 runs, 1 hit, 0 errors, 1 left on base; Ogden 6 - San Diego (APP) 3 |
| TOP OF THE 9TH |
|
Ogden Raptors batting - Pitching for San Diego (APP) Padres : RHP Kendrick Quinton
|
|
Batting: SHB Erick Hamburger
|
0-0: Fly out, F9 (Flyball, 9, EV 93.8 MPH)
|
|
Batting: RHB Juan Gallegos
|
0-0: Called Strike 0-1: Ball 1-1: Ball 2-1: Ball 3-1: Foul Ball, location: 2F 3-2: Ground out 5-3 (Groundball, 56, EV 90.6 MPH)
|
|
Batting: LHB Pedro Garza
|
0-0: Ball 1-0: Called Strike 1-1: Ground out 5-3 (Groundball, 15, EV 88.8 MPH)
|
| Top of the 9th over - 0 runs, 0 hits, 0 errors, 0 left on base; Ogden 6 - San Diego (APP) 3 |
| BOTTOM OF THE 9TH |
|
San Diego (APP) Padres batting - Pitching for Ogden Raptors : RHP Bill Dyck
|
|
Pitching: RHP Austin Miller
|
|
|
Batting: RHB Ed Oake
|
0-0: Called Strike 0-1: Called Strike 0-2: Strikes out swinging
|
|
Batting: RHB Eric McMillian
|
0-0: Called Strike 0-1: Ball 1-1: Ball 2-1: Ball 3-1: Base on Balls
|
|
Batting: RHB Antonio Martinez
|
0-0: Foul Ball, location: 2F 0-1: Ball 1-1: Ball 2-1: Swinging Strike 2-2: Fielders Choice at 2nd, 4-6 (Groundball, 4, EV 81.2 MPH)
|
|
Batting: LHB Gary Corrales
|
0-0: Swinging Strike 0-1: Swinging Strike 0-2: Ball 1-2: Foul Ball, location: 2F 1-2: Ball 2-2: Ground out 4-3 (Groundball, 34, EV 81.2 MPH)
|
| Bottom of the 9th over - 0 runs, 0 hits, 0 errors, 1 left on base; Ogden 6 - San Diego (APP) 3 |
|